Map: New Repugnancy LE

Players

Kas

  • Race: Terran Terran
  • League: Grandmaster
  • Spawn Location: 7:00

Lambo - Winner!

  • Race: Zerg Zerg
  • League: Grandmaster
  • Spawn Location: 1:00

VOD

Have the link to the VOD?

Description

Time

  • Played on: Feb. 11, 2019, 9:41 a.m.
  • Length: 12:59
Show
View Real Time Build Order
Export as new Build Order

Kas Terran 

Build Orders: Liberator Opening, Reaper Expand 

Get SALT Encoding   

  12  0:00  SCV  
  13  0:12  SCV  
  14  0:18  Supply Depot  
  14  0:25  SCV  
  15  0:39  SCV  
  15  0:41  Barracks  
  16  0:46  Refinery  
  16  0:51  SCV  
  17  1:04  SCV  
  18  1:16  SCV  
  19  1:30  Orbital Command  
  19  1:31  Reaper  
  20  1:39  Command Center  
  20  1:51  Supply Depot  
  20  1:56  SCV  
  21  2:03  Marine  
  21  2:08  SCV  
  23  2:10  Factory  
  23  2:20  Refinery, SCV  
  24  2:25  Barracks Reactor  
  24  2:32  SCV  
  25  2:44  SCV  
  26  2:53  Orbital Command  
  26  2:55  Starport  
  26  2:56  SCV  
  29  3:06  Hellion x2  
  29  3:08  SCV  
  32  3:13  Barracks Tech Lab  
  32  3:16  Liberator  
  32  3:19  SCV  
  33  3:20  SCV  
  34  3:28  Command Center  
  34  3:31  SCV  
  38  3:35  SCV  
  39  3:41  Marine  
  39  3:42  Supply Depot  
  39  3:45  Stimpack  
  39  3:46  SCV  
  41  3:49  SCV  
  42  3:57  Hellion x2  
  46  4:03  SCV  
  46  4:04  Marine, Supply Depot  
  46  4:05  SCV  
  49  4:15  SCV  
  50  4:18  SCV  
  50  4:22  Hellion, Marine  
  54  4:25  Hellion  
  54  4:27  SCV  
  54  4:30  SCV  
  54  4:31  Supply Depot  
  58  4:37  Engineering Bay x2  
  58  4:39  SCV  
  58  4:42  SCV  
  58  4:44  Orbital Command  
  60  4:50  Marine  
  60  4:52  SCV  
  62  4:57  Barracks  
  62  4:58  Starport Reactor  
  62  4:59  SCV  
  63  5:00  Supply Depot  
  63  5:03  Barracks  
  63  5:04  SCV  
  63  5:05  Terran Infantry Weapons Level 1  
  63  5:06  Terran Infantry Armor Level 1  
  64  5:11  Marine  
  64  5:12  Factory Tech Lab  
  65  5:15  SCV  
  65  5:16  Orbital Command, SCV  
  65  5:19  Refinery x2  
  64  5:24  Supply Depot  
  64  5:27  SCV  
  64  5:28  SCV  
  66  5:29  Marine  
  66  5:30  Siege Tank  
  70  5:39  SCV  
  71  5:44  Starport Reactor  
  71  5:45  SCV x2  
  71  5:46  Marine x2  
  71  5:47  Marine  
  71  5:48  Combat Shield  
  71  5:49  Barracks  
  76  5:50  Barracks  
  76  5:56  SCV  
  77  5:57  SCV  
  77  5:59  SCV  
  77  6:04  Marine x2  
  79  6:05  Siege Tank, Marine  
  79  6:08  SCV  
  79  6:09  SCV  
  79  6:11  SCV  
  88  6:16  Armory  
  88  6:20  SCV  
  88  6:21  SCV, Marine  
  88  6:22  Marine  
  88  6:23  Marine  
  93  6:26  Supply Depot  
  93  6:27  Supply Depot  
  93  6:30  Marine x2  
  93  6:32  Medivac  
  97  6:36  SCV  
  97  6:37  SCV x2  
  97  6:38  Barracks Reactor x2  
  97  6:39  Marine  
  101  6:47  Marine x2  
  101  6:48  Siege Tank, Refinery x2, Medivac, Marine  
  101  6:49  SCV, Marine  
  111  6:55  SCV  
  111  6:57  Marine  
  113  7:02  Medivac, Supply Depot  
  113  7:03  SCV, Supply Depot  
  113  7:04  SCV  
  117  7:09  Terran Infantry Armor Level 2  
  117  7:18  SCV, Marine  
  117  7:20  Terran Infantry Weapons Level 2  
  117  7:24  Command Center, SCV x2, Marine x6  
  117  7:26  Marine  
  117  7:27  Marine  
  127  7:30  Supply Depot  
  127  7:31  SCV  
  127  7:33  Supply Depot  
  127  7:36  SCV, Marine  
  130  7:37  Factory  
  130  7:40  Siege Tank  
  133  7:45  Supply Depot x2  
  133  7:46  Supply Depot  
  133  7:52  Marine x5  
  133  7:56  Marine x2  
  133  7:57  Marine  
  139  7:58  Marine  
  139  7:59  Sensor Tower  
  139  8:00  Medivac x2  
  139  8:03  Supply Depot x2  
  139  8:05  Barracks x2  
  144  8:10  Marine  
  144  8:12  Barracks  
  145  8:15  Marine x3  
  145  8:16  Marine  
  145  8:19  Marine x2  
  150  8:20  Marine  
  150  8:21  Siege Tank  
  153  8:29  Missile Turret  
  153  8:31  Missile Turret x2  
  153  8:33  Marine  
  138  8:34  Factory Tech Lab  
  138  8:37  Marine x3  
  138  8:38  Marine  
  138  8:39  Marine x3  
  138  8:40  Marine  
  145  8:47  Medivac  
  145  8:50  Marine  
  145  8:52  Marine x2  
  145  8:55  Marine x3  
  144  8:56  Marine  
  144  8:57  Marine x3  
  151  9:05  Marine x2  
  151  9:08  Missile Turret  
  153  9:10  Factory Tech Lab  
  153  9:11  Marine  
  153  9:13  Missile Turret  
  153  9:15  Missile Turret x2  
  153  9:16  Barracks Tech Lab x2  
  154  9:17  Marine x3  
  154  9:18  Thor  
  154  9:23  Missile Turret, SCV  
  164  9:24  Marine x2  
  164  9:26  Marine x2  
  168  9:31  Barracks Reactor  
  168  9:36  Marine  
  168  9:38  Planetary Fortress  
  169  9:41  Missile Turret, SCV x2  
  169  9:43  Missile Turret  
  171  9:45  Marine  
  171  9:46  Marine x2  
  171  9:47  Marine x2  
  171  9:49  SCV  
  171  9:51  Terran Infantry Weapons Level 3  
  177  9:53  SCV x2  
  177  9:57  Terran Infantry Armor Level 3  
  179  10:01  Terran Vehicle Weapons Level 1  
  179  10:02  Marine x2  
  179  10:06  Marine x2  
  183  10:13  Marine  
  184  10:15  Missile Turret  
  184  10:16  Missile Turret x2  
  180  10:22  Missile Turret, Marine x2  
  180  10:23  Missile Turret, Marine  
  180  10:26  Marine  
  180  10:27  Thor  
  190  10:29  Marauder x3  
  190  10:32  Concussive Shells  
  196  10:36  Marine x2  
  196  10:38  Orbital Command  
  196  11:11  Command Center  
  196  11:15  Bunker, Supply Depot x2  
  196  11:16  Supply Depot  
  196  11:37  Medivac x2  
  200  12:02  Starport, Fusion Core  
  200  12:06  Refinery  
  200  12:07  Refinery  
  200  12:29  Marine x4  
  200  12:30  Marine x5  
  100  12:53  Starport Tech Lab  
Show
View Real Time Build Order
Export as new Build Order

Lambo Zerg - Winner!

Build Orders: Hatch First, Muta Ling Bane 

Get SALT Encoding   

  12  0:01  Drone  
  13  0:13  Overlord  
  13  0:18  Drone  
  14  0:31  Drone x2  
  16  0:48  Hatchery  
  15  0:52  Drone  
  16  0:58  Drone  
  16  1:01  Drone  
  18  1:12  Extractor  
  18  1:15  Spawning Pool  
  18  1:18  Drone  
  17  1:22  Drone  
  18  1:29  Drone  
  19  1:40  Drone  
  20  1:54  Overlord  
  20  2:02  Queen x2, Zergling x2  
  20  2:03  Zergling x2  
  26  2:11  Metabolic Boost  
  26  2:14  Drone x2  
  28  2:23  Drone x2  
  30  2:36  Drone  
  31  2:43  Hatchery  
  30  2:45  Drone  
  30  2:49  Pneumatized Carapace  
  31  2:53  Drone  
  31  2:56  Overlord  
  32  3:00  Drone  
  32  3:02  Drone  
  34  3:09  Drone  
  35  3:15  Drone x2  
  35  3:16  Drone  
  35  3:17  Overlord  
  38  3:20  Queen  
  38  3:25  Drone  
  41  3:29  Drone  
  41  3:30  Drone  
  43  3:35  Queen  
  43  3:40  Drone x2  
  47  3:47  Overlord  
  48  3:48  Drone x3  
  48  3:53  Overlord  
  50  3:57  Zergling x2  
  50  3:59  Queen  
  50  4:02  Zergling x4  
  55  4:08  Evolution Chamber, Overlord  
  55  4:09  Zergling x2  
  55  4:10  Evolution Chamber  
  55  4:13  Drone  
  55  4:15  Drone  
  55  4:16  Drone  
  57  4:17  Overlord  
  57  4:19  Drone  
  57  4:20  Drone  
  57  4:23  Queen  
  61  4:26  Drone  
  61  4:31  Drone x2  
  64  4:33  Drone x3  
  67  4:40  Drone x2  
  67  4:43  Drone  
  67  4:45  Zerg Ground Armor Level 1  
  70  4:48  Drone x4  
  70  4:51  Overlord  
  74  4:55  Drone x2  
  74  4:59  Drone x3  
  78  5:03  Drone  
  79  5:08  Zerg Melee Weapons Level 1  
  79  5:10  Drone  
  79  5:11  Drone  
  81  5:14  Extractor x2  
  81  5:15  Drone x3  
  81  5:16  Drone  
  81  5:18  Drone  
  81  5:20  Drone  
  85  5:22  Extractor  
  85  5:23  Extractor  
  85  5:24  Lair  
  85  5:25  Drone  
  85  5:28  Extractor, Overlord  
  83  5:30  Drone  
  83  5:35  Overlord  
  84  5:40  Drone x4  
  84  5:41  Hatchery  
  87  5:47  Drone x4  
  91  5:52  Baneling Nest  
  91  5:54  Overlord  
  91  5:55  Overlord  
  91  5:56  Overlord  
  90  5:57  Drone x3  
  93  6:08  Zergling x12  
  99  6:16  Overlord  
  99  6:18  Overlord  
  99  6:21  Overlord  
  99  6:25  Spire, Zergling x12  
  104  6:34  Zergling x6  
  104  6:36  Centrifical Hooks  
  104  6:39  Zergling x6  
  110  6:42  Extractor  
  109  6:50  Queen, Extractor  
  109  6:53  Zergling x14  
  117  6:55  Baneling x9  
  117  6:58  Overlord  
  122  7:01  Zergling x10  
  122  7:04  Zerg Melee Weapons Level 2, Zerg Ground Armor Level 2  
  122  7:11  Zergling x10  
  127  7:18  Zergling x8  
  126  7:23  Drone x4  
  130  7:31  Overlord  
  130  7:36  Infestation Pit  
  129  7:37  Hatchery  
  127  7:48  Mutalisk x9  
  141  7:56  Zerg Flyer Weapons Level 1, Drone x4  
  145  8:05  Drone x4  
  149  8:06  Overlord  
  149  8:08  Spore Crawler  
  149  8:09  Mutalisk x4  
  156  8:14  Drone x3  
  156  8:15  Zergling x4  
  156  8:16  Baneling x5  
  161  8:20  Overlord x2  
  161  8:23  Hive  
  161  8:24  Overlord  
  157  8:35  Overlord  
  157  8:36  Zergling x20  
  167  8:46  Mutalisk x5  
  172  9:00  Overlord  
  172  9:06  Overlord  
  172  9:09  Drone x2  
  176  9:10  Drone x3  
  176  9:14  Baneling x6  
  177  9:17  Zergling x28  
  177  9:21  Baneling  
  177  9:22  Baneling x20  
  191  9:35  Zergling x14, Spore Crawler  
  191  9:36  Hatchery  
  195  9:44  Overlord  
  195  9:47  Adrenal Glands  
  195  9:49  Zerg Ground Armor Level 3, Ultralisk Cavern  
  194  9:54  Drone x5  
  194  9:57  Extractor  
  194  9:58  Extractor  
  194  9:59  Zerg Melee Weapons Level 3  
  193  10:39  Chitinous Plating  
  193  10:40  Greater Spire  
  193  10:43  Baneling x7  
  193  10:45  Baneling x4  
  157  11:08  Ultralisk x4  
  181  11:22  Pathogen Glands  
  181  11:28  Zergling x36  
  199  11:43  Extractor  
  199  11:44  Drone  
  199  11:46  Baneling x30  
  199  11:47  Extractor  
  199  11:48  Hatchery  
  199  11:49  Zergling x12  
  199  11:50  Hatchery  
  199  11:51  Baneling x5  
  196  11:55  Zergling x2  
  196  11:56  Zergling x4  
  196  11:57  Anabolic Synthesis  
  199  12:05  Baneling x7  
  192  12:32  Zergling x14  
  192  12:33  Zergling x4  
  192  12:35  Zergling x14  
  192  12:36  Zergling x4  
  197  12:39  Zergling x22  
Tags
 
Add a new tag
Caveats
  • Supply blocks, unpowered buildings, or Contaminate may cause inaccurate times.
  • Supply counts are checked every 10 seconds.